Map: Ruins of Endion

Players

GrosKefran - Winner!

  • Race: Zerg Zerg

capac

  • Race: Terran Terran
  • League: Gold

VOD

Have the link to the VOD?

Description

Time

  • Played on: May 4, 2016, 1:17 p.m.
  • Length: 11:16
Show
View Real Time Build Order
Export as new Build Order

GrosKefran Zerg - Winner!

Build Orders: Hatch First 

Get SALT Encoding   

  12  0:01  Drone  
  13  0:14  Overlord  
  13  0:18  Drone  
  14  0:33  Drone x2  
  16  0:37  Drone  
  17  0:55  Hatchery  
  17  0:57  Drone  
  17  1:01  Drone  
  18  1:15  Spawning Pool  
  18  1:17  Drone  
  18  1:21  Extractor  
  18  1:24  Drone  
  18  1:33  Drone  
  19  1:43  Overlord  
  19  2:02  Queen  
  19  2:06  Drone  
  19  2:07  Drone  
  23  2:09  Queen  
  23  2:11  Drone  
  26  2:16  Zergling x2  
  27  2:26  Drone x2  
  27  2:29  Metabolic Boost  
  28  2:57  Drone  
  28  2:58  Drone x5  
  34  3:11  Overlord  
  35  3:12  Zergling x2  
  35  3:13  Zergling x2  
  35  3:18  Overlord x2  
  36  3:23  Extractor  
  36  3:26  Drone  
  36  3:34  Drone x2  
  36  3:35  Drone x3  
  41  4:03  Extractor  
  41  4:05  Extractor  
  39  4:10  Roach Warren  
  36  4:28  Roach Warren  
  36  4:29  Drone x7  
  36  4:30  Drone x4  
  46  4:38  Queen  
  48  4:40  Overlord  
  48  4:46  Hatchery, Drone x2  
  48  4:47  Drone x2  
  51  4:58  Lair  
  51  5:04  Overlord x2, Evolution Chamber  
  51  5:06  Evolution Chamber, Roach x3  
  55  5:22  Roach x3  
  55  5:23  Roach x2  
  65  5:31  Zerg Missile Weapons Level 1  
  65  5:32  Zerg Ground Armor Level 1  
  65  5:47  Roach x9  
  83  5:58  Glial Reconstitution  
  83  6:00  Overlord x2  
  83  6:01  Overlord  
  83  6:08  Overseer  
  83  6:13  Drone x7  
  83  6:15  Overlord  
  90  6:22  Queen  
  92  6:31  Drone x4  
  92  6:32  Drone  
  97  6:33  Overlord x2  
  97  6:34  Drone x2  
  99  6:46  Hydralisk Den  
  98  6:50  Roach x5  
  108  7:01  Extractor  
  107  7:02  Extractor  
  107  7:05  Roach  
  107  7:06  Roach x6  
  120  7:09  Overlord  
  120  7:10  Overlord  
  120  7:16  Overlord  
  120  7:21  Drone x4  
  124  7:37  Zerg Missile Weapons Level 2, Zerg Ground Armor Level 2  
  108  7:56  Hatchery  
  79  8:10  Hydralisk  
  79  8:11  Hydralisk x14  
  95  8:31  Muscular Augments  
  95  8:32  Roach x5  
  95  8:33  Roach x4  
  113  8:59  Roach  
  113  9:00  Roach x10  
  135  9:04  Ravager x2  
  135  9:06  Ravager  
  138  9:10  Overseer  
  138  9:15  Ravager  
  139  9:19  Ravager  
  140  9:31  Hydralisk x4  
  148  9:42  Queen  
  150  9:46  Extractor  
  150  9:47  Extractor  
  148  10:12  Hydralisk x5  
  148  10:13  Hydralisk  
  160  10:17  Overlord x6  
  160  10:18  Overlord x2  
  134  10:36  Hydralisk  
  134  10:37  Hydralisk x11  
  134  10:41  Hydralisk  
Show
View Real Time Build Order
Export as new Build Order

capac Terran 

Build Orders: Reaper Expand, MMM Bio 

Get SALT Encoding   

  12  0:01  SCV  
  13  0:14  SCV  
  14  0:19  Supply Depot  
  14  0:26  SCV  
  15  0:41  SCV  
  16  0:42  Barracks  
  16  0:47  Refinery  
  16  0:54  SCV  
  17  1:06  SCV  
  18  1:18  SCV  
  19  1:30  Orbital Command  
  19  1:31  Reaper  
  20  1:45  Command Center  
  20  1:52  Supply Depot  
  20  1:56  SCV  
  21  2:03  Marine  
  22  2:09  SCV  
  22  2:15  Factory  
  23  2:16  Refinery  
  23  2:21  SCV  
  24  2:27  Barracks Reactor  
  24  2:32  Barracks  
  24  2:35  SCV  
  25  2:55  SCV  
  26  3:05  Factory Tech Lab  
  26  3:07  Starport  
  26  3:08  Orbital Command  
  26  3:10  Marine x2  
  28  3:16  SCV  
  29  3:26  Barracks Tech Lab  
  29  3:31  Siege Tank  
  29  3:32  Barracks  
  29  3:34  SCV  
  33  3:46  SCV  
  34  3:58  SCV  
  34  4:01  Marine x3  
  37  4:04  Bunker  
  36  4:23  SCV  
  37  4:26  Medivac  
  37  4:27  Siege Tank  
  37  4:28  Barracks Reactor  
  37  4:31  Barracks  
  42  4:32  Command Center  
  42  4:35  SCV  
  43  4:45  SCV  
  44  4:47  SCV  
  44  4:50  Marine  
  44  4:51  Refinery  
  46  4:54  Stimpack  
  46  5:01  Supply Depot  
  46  5:17  Marine x5, SCV x2  
  53  5:25  Supply Depot, Starport Reactor  
  53  5:26  Supply Depot  
  53  5:29  SCV x2  
  53  5:33  Siege Tank  
  58  5:41  SCV x2  
  60  5:43  Refinery  
  60  5:49  Orbital Command  
  60  6:03  Engineering Bay  
  60  6:06  Medivac x2  
  60  6:09  Marine x4  
  68  6:12  Barracks Reactor  
  68  6:16  SCV x2  
  70  6:34  Marine x4  
  70  6:36  Marauder, SCV  
  70  6:37  SCV  
  78  6:44  SCV  
  79  6:48  SCV  
  79  6:50  Marine x2  
  79  6:51  Marine  
  79  6:53  Siege Tank  
  86  6:56  SCV x2  
  88  7:07  Combat Shields  
  88  7:12  Barracks  
  88  7:14  Armory  
  88  7:15  Supply Depot  
  88  7:18  Engineering Bay  
  88  7:19  Liberator  
  88  7:20  Liberator  
  94  7:45  Starport  
  94  7:46  Supply Depot  
  94  7:47  Terran Infantry Weapons Level 1, Terran Infantry Armor Level 1  
  63  8:10  Orbital Command  
  58  8:18  Marine x2  
  58  8:19  Marine x4  
  63  8:26  SCV x2  
  65  8:32  Siege Tank  
  65  8:33  Barracks Reactor  
  68  8:36  Marine  
  68  8:38  SCV  
  68  8:39  Starport Reactor  
  70  8:44  Marine x4  
  70  8:45  Marine x2  
  76  9:12  Marine x2  
  76  9:13  Marine x6  
  76  9:14  Marine  
  76  9:15  Liberator x4  
  76  9:16  SCV x3  
  88  9:28  SCV x2  
  88  9:30  Marine x3  
  88  9:31  Marine x3  
  108  9:41  Marine  
  109  9:49  Supply Depot  
  109  10:05  Marine  
  109  10:07  Marine x3  
  109  10:08  Marine x2  
  109  10:09  Marine x2  
  109  10:10  Marine  
  68  10:37  Marine x4  
  68  10:38  Marine x4  
  73  10:46  Marine  
  66  10:55  Marine x2  
Tags
 
Add a new tag
Caveats
  • Supply blocks, unpowered buildings, or Contaminate may cause inaccurate times.
  • Supply counts are checked every 10 seconds.